 Dungeon Crawl Stone Soup version 0.28.0-47-ge53b351184 (webtiles) character file.

Game seed: 1400087409931456984

739 bobregger the Skirmisher (level 7, -1/48 HPs)
             Began as a Gargoyle Berserker on Apr 28, 2022.
             Was a Believer of Trog.
             Slain by an orc
             ... wielding a +0 short sword of draining
              (2 damage)
             ... on level 5 of the Dungeon.
             The game lasted 00:04:55 (5202 turns).

bobregger the Skirmisher (Gargoyle Berserker)       Turns: 5202, Time: 00:04:56

Health: -1/48      AC: 18    Str: 22    XL:     7   Next: 75%
Magic:  7/7        EV:  7    Int:  8    God:    Trog [**....]
Gold:   150        SH:  0    Dex:  9    Spells: 6/6 levels left

rFire   . . .      SeeInvis .   q - +2 flail (holy)
rCold   . . .      Faith    .   (no shield)
rNeg    + . .      Spirit   .   k - +0 plate armour
rPois   ∞          Reflect  .   (no helmet)
rElec   +          Harm     .   (no cloak)
rCorr   .          Rampage  .   m - +0 pair of gloves
Will    .....                   (no boots)
Stlth   ..........              (no amulet)
HPRegen 0.16/turn               (no ring)
MPRegen 0.10/turn               (no ring)

@: confused, mighty, flying
A: sickness immunity, AC +4, negative energy resistance 1, electricity
resistance, torment resistance 1, petrification resistance
a: Renounce Religion, Berserk, Trog's Hand


You were on level 5 of the Dungeon.
You worshipped Trog.
Trog was pleased with you.
You visited 1 branch of the dungeon, and saw 6 of its levels.

You collected 150 gold pieces.

Inventory:

Hand Weapons
 q - a +2 flail of holy wrath (weapon)
Armour
 k - a +0 plate armour (worn)
 m - a +0 pair of gloves (worn)
Jewellery
 p - a ring of see invisible
Wands
 r - a wand of digging (3)
Scrolls
 b - a scroll of immolation {unknown}
 c - 3 scrolls of teleportation {unknown}
 d - 5 scrolls of identify {unknown}
 i - a scroll of magic mapping {unknown}
 j - a scroll of summoning {unknown}
 o - a scroll of blinking {unknown}
Potions
 g - a potion of attraction {unknown}
 h - 2 potions of mutation {unknown}
 l - 3 potions of curing {unknown}
 n - 2 potions of heal wounds {unknown}


   Skills:
 * Level 7.2 Fighting
 + Level 5.0 Maces & Flails
 + Level 4.9 Armour
 - Level 1.5 Dodging


You had 6 spell levels left.
You didn't know any spells.
Your spell library was empty.

Dungeon Overview and Level Annotations

Branches:
Dungeon (6/15)
 Temple: D:4-7

Altars:
Makhleb
Ru
Sif Muna
Vehumet

Shops:
D:1 !   D:2 (   D:3 [

Annotations:
D:6 2 transporters


Innate Abilities, Weirdness & Mutations

You are immune to sickness and miasma.
Your stone body is resilient. (AC +4)
You are immune to poison.
You resist negative energy. (rN+)
You are resistant to electric shocks. (rElec)
You are resistant to unholy torment.
You are immune to petrification.


Message History

The orc hits you with a +0 mace. The orc hits you but does no damage.
The black bear bites you but does no damage.
The black bear claws you but does no damage.
The black bear closely misses you.
The white imp hits you but does no damage.
The black bear bites you. The black bear closely misses you.
The black bear claws you but does no damage.
The white imp gestures at you. The puff of frost hits you.
It was a potion of magic.
Magic courses through your body. The orc hits you but does no damage.
You hear some strange, mumbled words.
You are more confused.
The orc barely misses you.
The black bear bites you but does no damage.
The black bear closely misses you. The black bear claws you.
The white imp gestures at you. The puff of frost hits you.
It was a potion of might.
You feel very mighty all of a sudden. The orc hits you with a +0 mace.
You hear some strange, mumbled words.
A puff of flame appears from out of thin air!
The puff of flame hits you.
* * * LOW HITPOINT WARNING * * *
The orc hits you but does no damage.
The black bear bites you but does no damage.
The black bear barely misses you. The black bear claws you.
* * * LOW HITPOINT WARNING * * *
The white imp hits you but does no damage.
Okay, then.
It was a potion of flight.
You feel very buoyant.
You fly up into the air.
The orc hits you but does no damage.
You hear some strange, mumbled words.
A puff of flame appears from out of thin air!
The puff of flame hits you!
* * * LOW HITPOINT WARNING * * *
The orc hits you with a +0 short sword of draining.
You die...

#.......#
.......# .
....... ... ..
............ ....
....#...... .....
#.#.#......
.....##...#......
......h@{........
......5oo........
.................
.................
.................
.........>.......
....#..........##
#####..........#
.............#


You could see a black bear, a white imp and 2 orcs.

Vanquished Creatures
  Sigmund (D:2)
  An ice beast (D:6)
  An ogre (D:6)
  Blork the orc (D:4)
  A bullfrog (D:6)
  A scorpion (D:6)
  An orc priest (D:6)
  2 orc wizards (D:6)
  A howler monkey zombie (D:6)
  5 adders
  A white imp (D:6)
  An ufetubus (D:6)
  A worm (D:2)
  8 orcs
  2 endoplasms
  2 giant cockroaches
  6 goblins
  7 hobgoblins
  7 jackals
  3 quokkas
  7 ball pythons
  4 bats
  A frilled lizard (D:2)
  9 kobolds
  4 rats (D:2)
78 creatures vanquished.

Notes
Turn   | Place    | Note
-------+----------+-------------------------------------------
     0 | D:1      | bobregger the Gargoyle Berserker began the quest for the
                  | Orb.
     0 | D:1      | Reached XP level 1. HP: 14/14 MP: 1/1
   143 | D:1      | Reached XP level 2. HP: 3/19 MP: 2/2
   143 | D:1      | HP: 1/28 [jackal (2)]
  1555 | D:1      | Found Redoba's Distillery.
  1865 | D:2      | Reached skill level 4 in Fighting
  1865 | D:2      | Reached XP level 3. HP: 17/24 MP: 3/3
  2203 | D:2      | Noticed Sigmund
  2228 | D:2      | Killed Sigmund
  2229 | D:2      | Reached skill level 5 in Fighting
  2229 | D:2      | Reached XP level 4. HP: 10/31 MP: 4/4
  2229 | D:2      | Reached XP level 5. HP: 11/35 MP: 5/5
  2649 | D:2      | Found a faded altar of an unknown god.
  2962 | D:2      | Found Mainworr's Weapon Shoppe.
  3037 | D:2      | Found a burning altar of Makhleb.
  3187 | D:3      | Found a sacrificial altar of Ru.
  3442 | D:3      | Reached XP level 6. HP: 40/40 MP: 6/6
  3918 | D:3      | Found Mophij's Antique Armour Boutique.
  4171 | D:4      | Reached ** piety under Trog
  4465 | D:4      | Noticed Blork the orc
  4475 | D:4      | Killed Blork the orc
  4476 | D:4      | Reached skill level 6 in Fighting
  4512 | D:4      | Found a radiant altar of Vehumet.
  4552 | D:4      | You fall into a shaft and drop 2 floors!
  4555 | D:6      | Found a transporter.
  4555 | D:6      | Noticed a vampire mosquito
  4561 | D:6      | Found a transporter.
  4564 | D:6      | Found a shimmering blue altar of Sif Muna.
  4568 | D:6      | Noticed a troll
  4733 | D:6      | Noticed an ice beast
  4739 | D:6      | Killed an ice beast
  4740 | D:6      | Reached XP level 7. HP: 47/47 MP: 7/7
  4827 | D:6      | Reached skill level 7 in Fighting
  5068 | D:6      | Reached skill level 5 in Maces & Flails
  5187 | D:5      | Entered Level 5 of the Dungeon
  5202 | D:5      | HP: 1/48 [something/puff of flame (10)]
  5202 | D:5      | Slain by an orc

Illustrated notes

Levels and vault maps discovered:
D:1:      dpeg_arrival_arbitrary_a, layout_basic, serial_shops,
          nicolae_diamond_shop
D:2:      layout_basic, serial_shops, nicolae_shop_waterfront,
          shapermc_ecumenical_altar_pompeii, basic_altar,
          roderic_nine_men_s_morris, uniq_sigmund
D:3:      layout_basic, mainiacjoe_overflow_alcove_2, serial_shops,
          nicolae_lakefront_shop, chequers_serial_rivers_small_b,
          minmay_quadrilaterals
D:4:      layout_loops_ring, mainiacjoe_overflow_six_doors_small,
          temple_statues, kennysheep_big_empty_room,
          chequers_serial_rivers_small_3, uniq_blork_the_orc
D:5:      layout_basic, serial_curves, eino_curves_03, eino_curves_01,
          serial_shops, kennysheep_mini
D:6:      layout_basic, gammafunk_temple_overflow_arena, minmay_misc_feat_five

Skill      XL: |  1  2  3  4  5  6  7 |
---------------+----------------------+-----
Fighting       | 4 5 6 7 |  7.2
Maces & Flails | 4 5 |  5.0
Armour         | 3 4 |  4.9
Dodging        | |  1.5

Action                   |  1- 3 |  4- 6 |  7- 9 || total
-------------------------+-------+-------+-------++-------
Melee: Mace              |    86 |   112 |       ||   198
       Punch             |     2 |     3 |     1 ||     6
       Flail             |       |    24 |    35 ||    59
Invok: Berserk           |     5 |     6 |     1 ||    12
  Use: Potion            |       |       |     3 ||     3
Armor: Animal skin       |    51 |     2 |       ||    53
       Plate armour      |       |   103 |    53 ||   156
       Skin              |       |     6 |       ||     6
       Ring mail         |       |     1 |       ||     1
Dodge: Dodged            |    73 |    68 |    24 ||   165
